 Dungeon Crawl Stone Soup version 0.20-a0-920-gb18bc0f (webtiles) character file.

27 dvd the Ruffian (level 2, -1/23 HPs)
             Began as a Draconian Transmuter on Mar 25, 2017.
             Slain by a hobgoblin (3 damage)
             ... on level 2 of the Dungeon.
             The game lasted 00:02:19 (1231 turns).

dvd the Ruffian (Draconian Transmuter)              Turns: 1231, Time: 00:02:20

Health: -1/23      AC:  4    Str: 12    XL:     2   Next: 93%
Magic:  4/5        EV: 12    Int: 13    God:
Gold:   31         SH:  0    Dex: 11    Spells: 4/5 levels left

rFire    . . .     SeeInvis .     - Unarmed
rCold    . . .     Gourm    .   (no shield)
rNeg     . . .     Faith    .   (armour unavailable)
rPois    .         Spirit   .   (helmet restricted)
rElec    .         Reflect  .   (no cloak)
rCorr    .         Harm     .   (no gloves)
MR       .....                  (boots currently unavailable)
Stlth    +.........             (no amulet)
Regen    0.1/turn               (no ring)
MPRegen  0.1/turn               (no ring)

@: appendage (expiring)
A: unfitting armour, talons 3, cold-blooded, AC +4
a: End Transformation


You were on level 2 of the Dungeon.
You were hungry.
You had grown temporary talons.
You visited 1 branch of the dungeon, and saw 2 of its levels.

You collected 31 gold pieces.

Inventory:

Missiles
 a - 34 arrows
Scrolls
 e - a scroll of identify {unknown}
 f - a scroll of teleportation {unknown}
 g - a scroll of magic mapping {unknown}
 i - a scroll of amnesia {unknown}
Potions
 d - a potion of curing
 h - a potion of mutation {unknown}
 l - a potion of degeneration {unknown}
 m - a potion of lignification {unknown}
 n - a potion of agility {unknown}
 o - a potion of berserk rage {unknown}
Books
 b - a book of Changes

   Spells                             Type                      Level
   a - Beastly Appendage              Transmutation                1
   b - Sticks to Snakes               Transmutation                2
   c - Spider Form                    Transmutation/Poison         3
   d - Ice Form                       Ice/Transmutation            4
   e - Blade Hands                    Transmutation                5
Comestibles
 c - 3 bread rations
 j - 3 fruits


   Skills:
 + Level 1.1 Fighting
 + Level 2.1 Dodging
 + Level 3.5 Unarmed Combat
 + Level 2.2 Spellcasting
 + Level 2.3 Transmutations


You had 4 spell levels left.
You knew the following spells:

 Your Spells              Type           Power        Failure   Level  Hunger
a - Beastly Appendage     Tmut           #.....       12%         1    ##.....


Dungeon Overview and Level Annotations

Branches:
Dungeon (2/15)

Altars:


Innate Abilities, Weirdness & Mutations

Your plain brown scales are hard. (AC +4)
You cannot fit into any form of body armour.
You are cold-blooded and may be slowed by cold attacks.
You have claws for feet.


Message History

The hobgoblin hits you. The adder barely misses you.
Found 2 bolts.
Casting: Beastly Appendage
Confirm with . or Enter, or press ? or * to list all spells.
Your feet morph into talons.
The adder misses you.
You barely miss the adder. Your kick misses the adder.
The adder is heavily wounded.
The adder bites you but does no damage. The rat bites you but does no damage.
The adder bites you. The hobgoblin misses you.
Your transformation is almost over.
The adder bites you.
* * * LOW HITPOINT WARNING * * *
You are feeling hungry.
You see here 2 bolts.
You hit the hobgoblin. You tail-slap the hobgoblin.
The hobgoblin is almost dead.
The hobgoblin hits you.
You die...

#..#.#..#
#..#.#.<#
#....#..#
#...##..#
#.......#
#..r...##
###S####
#g# #@#
#.# #..
####


You could see an adder, a hobgoblin and a rat.

Vanquished Creatures
  3 dart slugs (D:1)
  5 goblins (D:1)
  A hobgoblin (D:1)
  3 kobolds (D:1)
  5 bats (D:1)
  3 rats (D:1)
20 creatures vanquished.

Notes
Turn   | Place    | Note
-------+----------+-------------------------------------------
     0 | D:1      | dvd the Draconian Transmuter began the quest for the Orb.
     0 | D:1      | Reached XP level 1. HP: 16/16 MP: 3/3
   420 | D:1      | Reached XP level 2. HP: 22/23 MP: 3/5
  1231 | D:2      | Slain by a hobgoblin

Vault maps used:
D:1:      onia_arrival_mini_maze
D:2:      kennysheep_big_empty_room, st_stairs_10, due_unseen_surprise

Skill      XL: |  1  2 |
---------------+-------+-----
Dodging        | 2 |  2.1
Fighting       | |  1.1
Unarmed Combat | |  3.5
Spellcasting   | |  2.2
Transmutations | |  2.3

Action                   || total
-------------------------++-------
Melee: Unarmed           ||    89
       Kick              ||    13
       Tailslap          ||     8
       Headbutt          ||     1
 Cast: Beastly Appendage ||    17
  Use: Potion            ||     1
  Eat: Chunk             ||     1
Armor: Skin              ||    42
Dodge: Dodged            ||    73
